Zazza, neutral female human Tourist ----- ------ |...| |....| |...-# |....-# |...|###############################.....|# |...|########## |....|# |...| ---.--# ----------- |.... ####..........| ------- ---|- ###|...b.....| |..{..| # ###......F...-#Z@##......| # -|-|- ### |.........|# d |.....| # |...| # ##..........| ##-.....| ### |...| # ----------- ------- # #.....###### ## ###|...| ------.--- ----------- # |...| |.....>...#########|........%.## ----- |......[.| #..........| |......... ##|.<.......| ---------- ----------- Zazza the Sightseer Experience level: 4 Strength: 15 Dexterity: 9 Constitution: 14 Intelligence: 11 Wisdom: 10 Charisma: 18 Health: 0(33) Energy: 3(15) Def: 6 Gold: 23 Moves: 2423 Dungeon seed: Nc2aJRT7IMz-kYP0 Game ID: Zazza_1581937921 Your Inventory: Coins $ - 23 gold pieces Weapons a - 24 +2 darts (in quiver) Armor w - an uncursed +0 cloak of displacement (being worn) N - an uncursed +0 elven mithril-coat (being worn) Comestibles b - 2 uncursed eggs c - 5 uncursed food rations d - an uncursed tripe ration f - an uncursed melon s - 2 uncursed eggs R - an uncursed slime mold W - an uncursed pancake Z - an uncursed carrot Scrolls t - an uncursed scroll of confuse monster u - a blessed scroll of charging Potions g - an uncursed potion of extra healing Wands l - a wand of digging (0:3) Tools i - an expensive camera (0:42) k - an uncursed skeleton key X - an uncursed sack Contents of the sack: 783 gold pieces an uncursed +0 Hawaiian shirt a cursed -1 orcish helm 4 uncursed food rations a blessed scroll of confuse monster an uncursed scroll of destroy armor an uncursed scroll of genocide an uncursed scroll of magic mapping a blessed scroll of remove curse an uncursed spellbook of force bolt an uncursed potion of extra healing 2 cursed potions of extra healing a cursed potion of fruit juice an uncursed potion of gain level an uncursed potion of paralysis an uncursed potion of water a wand of create monster (0:11) a blessed wand of light (0:11) a blessed wand of nothing (0:2) an uncursed fluorite stone an uncursed touchstone Spells and supernatural/magical abilities: Name Level Category Fail Memory a - force bolt 1 attack 89% 90% l - light 1 divination 89% 89% W - pray for help -- divine ? -- Your skills at the end: Fighting Skills Weapon Skills dart [Basic] Spellcasting Skills Final Attributes: You were piously aligned. You were sleep resistant. You were displaced. You are dead. Vanquished creatures: a gnome lord an elf zombie a kitten a giant bat a wererat a manes a hobgoblin 2 giant rats a cave spider a garter snake a gnome zombie 3 geckos 4 jackals a fox 2 kobolds a goblin 4 grid bugs 2 bats 5 lichens a kobold zombie 2 newts 37 creatures vanquished. Voluntary challenges: You never hit with a wielded weapon. You read items or engraved 19 times, starting on turn 14. You never genocided any monsters. You never polymorphed an object. You never changed form. You used no wishes. You never split a pudding. You wrote Elbereth's name 8 times, starting on turn 1251. You never violated your personal moral code. Dungeon overview: The Dungeons of Doom: levels 1 to 9 Level 1 a long staircase Level 2 a general store, a fountain a long staircase Level 3 a fountain, a sink Level 4 a fountain Level 5 Level 6 many fountains Level 9 <- You were here a fountain History has recorded: On T:1 you entered the Dungeons of Doom to retrieve the Amulet of Yendor! On T:324 you reached level 2 of The Dungeons of Doom. On T:743 you advanced to experience level 2. On T:974 you advanced to experience level 3. On T:1000 you reached level 3 of The Dungeons of Doom. On T:1165 you reached level 4 of The Dungeons of Doom. On T:1526 you reached level 5 of The Dungeons of Doom. On T:1714 you advanced to experience level 4. On T:1945 you reached level 6 of The Dungeons of Doom. On T:2089 you reached level 9 of The Dungeons of Doom. Score breakdown: Gold: 110 ( 6957 points) Experience: 4 levels ( 9649 points) Exploration: 9 levels ( 19.57%) (12649 points) Discoveries: 9 items ( 3.02%) ( 5213 points) Valuables value: (no points given unless you survive) Artifact value: 0 ( 0 points) Variety of kills: 21 monsters ( 5.51%) ( 7043 points) Turncount: 2423 turns ( -284 points) Survival: died (score multiplied by 80%) Total score: 32981 Latest messages: The wolf bites! You write in the dust with your fingers. The wolf turns to flee! The orc zombie hits! You miss the orc zombie. You hit the orc zombie. The orc zombie hits! You hit the orc zombie. (2x) The orc zombie hits! You hit the orc zombie. (2x) The orc zombie hits! You hit the orc zombie. (2x) The orc zombie hits! You hit the orc zombie. You miss the orc zombie. The orc zombie hits! You miss the orc zombie. You write in the dust with your fingers. The orc zombie hits! The wolf bites! You die... Final status: Aloha Zazza the Tourist, killed by a wolf... You died in The Dungeons of Doom on dungeon level 9 with 32981 points, and 806 pieces of gold, after 2423 moves. You were level 4 with a maximum of 33 hit points when you died.